| TOP OF THE 1ST |
|
Lewiston Broncs batting - Pitching for Tri-City Dust Devils : RHP John Martinez
|
|
Pitching: RHP John Martinez
|
|
|
Batting: LHB Wayne Kirby
|
0-0: Foul Ball, location: 2F 0-1: Ball 1-1: SINGLE (Line Drive, 7S, EV 103.8 MPH)
|
|
Batting: LHB Alex Hernandez
|
0-0: Ball 1-0: Fly out, F7 (Flyball, 7D, EV 95.0 MPH)
|
|
Batting: RHB Jeff Kunkel
|
0-0: Called Strike 0-1: Ball 1-1: Foul Ball, location: 2F 1-2: SINGLE (Line Drive, 9S, EV 92.5 MPH) Wayne Kirby to second Runner from 2nd tries for 3rd, SAFE, no throw by RF
|
|
Batting: RHB Bruce Castoria
|
0-0: Ball 1-0: Ball 2-0: Called Strike 2-1: Fly out, F8 (Flyball, 8RD, EV 101.9 MPH)
|
|
Batting: LHB Nestor Moreno
|
0-0: Called Strike 0-1: Ball 1-1: Ball 2-1: Foul Ball, location: 2F 2-2: Ball 3-2: Base on Balls Jeff Kunkel to second
|
|
Batting: RHB Sal D'Alessandro
|
0-0: Ball 1-0: Ball 2-0: Called Strike 2-1: DOUBLE (Flyball, 78D, EV 92.5 MPH) Wayne Kirby scores Jeff Kunkel scores Nestor Moreno to third Runner from 3rd tries for Home, SAFE, throw by LF to trailing runner, OUT at third! 7-3-5
|
| Top of the 1st over - 3 runs, 3 hits, 0 errors, 0 left on base; Lewiston 3 - Tri-City 0 |
| BOTTOM OF THE 1ST |
|
Tri-City Dust Devils batting - Pitching for Lewiston Broncs : RHP Jeff Bittiger
|
|
Pitching: RHP Jeff Bittiger
|
|
|
Batting: LHB LaVel Freeman
|
0-0: Ball 1-0: Ground out 4-3 (Groundball, 4, EV 98.1 MPH)
|
|
Batting: RHB Dave Lebeau
|
0-0: Ball 1-0: Ball 2-0: Ball 3-0: Foul Ball, location: 2F 3-1: Base on Balls
|
|
Batting: RHB Mark Van Blaricom
|
0-0: Ball 1-0: Called Strike 1-1: Swinging Strike 1-2: Ground out 1-3 (Groundball, 13S, EV 70.0 MPH) Dave Lebeau to second
|
|
Batting: RHB Robert Martinez
|
0-0: Ball 1-0: Ball 2-0: Foul Ball, location: 2F 2-1: Ball 3-1: Called Strike 3-2: Base on Balls
|
|
Batting: RHB Desmond Brooks
|
0-0: Ball 1-0: Ball 2-0: Foul Ball, location: 2F 2-1: Fly out, F9 (Flyball, 9, EV 78.1 MPH)
|
| Bottom of the 1st over - 0 runs, 0 hits, 0 errors, 2 left on base; Lewiston 3 - Tri-City 0 |
| TOP OF THE 2ND |
|
Lewiston Broncs batting - Pitching for Tri-City Dust Devils : RHP John Martinez
|
|
Batting: RHB Julio Marin
|
0-0: Called Strike 0-1: Foul Ball, location: 2F 0-2: Strikes out swinging
|
|
Batting: RHB Steven Spalt
|
0-0: Fly out, F6 (Popup, 6S, EV 64.4 MPH)
|
|
Batting: RHB Jay Roberts
|
0-0: Ball 1-0: Ball 2-0: Foul Ball, location: 2F 2-1: Foul Ball, location: 2F 2-2: Ball 3-2: SINGLE (Groundball, 4MD, EV 97.5 MPH) (infield hit)
|
|
Batting: LHB Wayne Kirby
|
0-0: Ball 1-0: Ball 2-0: Ball 3-0: Base on Balls Jay Roberts to second
|
|
Batting: LHB Alex Hernandez
|
0-0: Fly out, F9 (Flyball, 9, EV 91.9 MPH)
|
| Top of the 2nd over - 0 runs, 1 hit, 0 errors, 2 left on base; Lewiston 3 - Tri-City 0 |
| BOTTOM OF THE 2ND |
|
Tri-City Dust Devils batting - Pitching for Lewiston Broncs : RHP Jeff Bittiger
|
|
Batting: RHB J.B. Moore
|
0-0: Called Strike 0-1: Called Strike 0-2: Ball 1-2: Strikes out swinging
|
|
Batting: RHB Felipe Hernandez
|
0-0: Ball 1-0: Ball 2-0: Foul Ball, location: 2F 2-1: Called Strike 2-2: Ball 3-2: Foul Ball, location: 2F 3-2: Strikes out looking
|
|
Batting: RHB Jeff DeWillis
|
0-0: Ball 1-0: Ball 2-0: Ground out 6-3 (Groundball, 56, EV 110.0 MPH)
|
| Bottom of the 2nd over - 0 runs, 0 hits, 0 errors, 0 left on base; Lewiston 3 - Tri-City 0 |
| TOP OF THE 3RD |
|
Lewiston Broncs batting - Pitching for Tri-City Dust Devils : RHP John Martinez
|
|
Batting: RHB Jeff Kunkel
|
0-0: Swinging Strike 0-1: SOLO HOME RUN (Flyball, 78XD, EV 101.9 MPH), Distance : 417 ft
|
|
Batting: RHB Bruce Castoria
|
0-0: Ball 1-0: Called Strike 1-1: DOUBLE (Line Drive, 78XD, EV 101.9 MPH)
|
|
Batting: LHB Nestor Moreno
|
0-0: Foul Ball, location: 2F 0-1: Fly out, F4 (Popup, 4MD, EV 55.0 MPH)
|
|
Batting: RHB Sal D'Alessandro
|
0-0: Ball 1-0: Ball 2-0: Ball 3-0: Base on Balls
|
|
Batting: RHB Julio Marin
|
0-0: Ball 1-0: Called Strike 1-1: Foul Ball, location: 2F 1-2: Strikes out swinging
|
|
Batting: RHB Steven Spalt
|
0-0: Called Strike 0-1: Called Strike 0-2: Strikes out swinging, 2-3 out at first.
|
| Top of the 3rd over - 1 run, 2 hits, 0 errors, 2 left on base; Lewiston 4 - Tri-City 0 |
| BOTTOM OF THE 3RD |
|
Tri-City Dust Devils batting - Pitching for Lewiston Broncs : RHP Jeff Bittiger
|
|
Batting: RHB George Threadgill
|
0-0: Ball 1-0: Foul Ball, location: 2F 1-1: Swinging Strike 1-2: Ball 2-2: Ball 3-2: Base on Balls
|
|
Batting: LHB LaVel Freeman
|
0-0: Ball 1-0: Ball 2-0: Fielders Choice at 2nd, 3-6 (Groundball, 34, EV 108.1 MPH)
|
|
Batting: RHB Dave Lebeau
|
0-0: Called Strike LaVel Freeman steals 2nd base 0-1: Ball 1-1: Ball 2-1: Ground out 5-3 (Groundball, 56, EV 104.4 MPH)
|
|
Batting: RHB Mark Van Blaricom
|
0-0: Ball 1-0: Swinging Strike 1-1: DOUBLE (Line Drive, 78D, EV 103.1 MPH) LaVel Freeman scores
|
|
Batting: RHB Robert Martinez
|
0-0: SINGLE (Line Drive, 4M, EV 106.9 MPH) Mark Van Blaricom to third
|
|
Batting: RHB Desmond Brooks
|
0-0: Foul Ball, location: 2F 0-1: Swinging Strike 0-2: Foul Ball, location: 2F 0-2: Fly out, F8 (Flyball, 8RXD, EV 101.9 MPH)
|
| Bottom of the 3rd over - 1 run, 2 hits, 0 errors, 2 left on base; Lewiston 4 - Tri-City 1 |
| TOP OF THE 4TH |
|
Lewiston Broncs batting - Pitching for Tri-City Dust Devils : RHP John Martinez
|
|
Batting: RHB Jay Roberts
|
0-0: Ball 1-0: Ball 2-0: Ball 3-0: Foul Ball, location: 2F 3-1: SINGLE (Flyball, 3D, EV 84.4 MPH)
|
|
Batting: LHB Wayne Kirby
|
0-0: Called Strike 0-1: Ball 1-1: Foul Ball, location: 2F 1-2: Ball 2-2: Ball 3-2: Foul Ball, location: 2F 3-2: Foul Ball, location: 2F 3-2: Foul Ball, location: 2F 3-2: SINGLE (Line Drive, 78M, EV 110.6 MPH) Jay Roberts to second
|
|
Batting: LHB Alex Hernandez
|
0-0: Ball 1-0: Fielders Choice at 2nd, 6-4 (Groundball, 6, EV 98.1 MPH) Jay Roberts to third
|
|
Batting: RHB Jeff Kunkel
|
0-0: Called Strike 0-1: Ball 1-1: Fly out, F7 (Flyball, 78S, EV 95.6 MPH)
|
|
Batting: RHB Bruce Castoria
|
0-0: Ball 1-0: Swinging Strike 1-1: Ground out 6-3 (Groundball, 6MS, EV 79.4 MPH)
|
| Top of the 4th over - 0 runs, 2 hits, 0 errors, 2 left on base; Lewiston 4 - Tri-City 1 |
| BOTTOM OF THE 4TH |
|
Tri-City Dust Devils batting - Pitching for Lewiston Broncs : RHP Jeff Bittiger
|
|
Batting: RHB J.B. Moore
|
0-0: Called Strike 0-1: Ball 1-1: Foul Ball, location: 2F 1-2: Ball 2-2: Strikes out swinging
|
|
Batting: RHB Felipe Hernandez
|
0-0: Ball 1-0: Ball 2-0: Foul Ball, location: 2F 2-1: Fly out, F7 (Flyball, 78XD, EV 106.3 MPH)
|
|
Batting: RHB Jeff DeWillis
|
0-0: Ball 1-0: Ball 2-0: Foul Ball, location: 2F 2-1: Fly out, F9 (Line Drive, 9, EV 91.9 MPH)
|
| Bottom of the 4th over - 0 runs, 0 hits, 0 errors, 0 left on base; Lewiston 4 - Tri-City 1 |
| TOP OF THE 5TH |
|
Lewiston Broncs batting - Pitching for Tri-City Dust Devils : RHP John Martinez
|
|
Batting: LHB Nestor Moreno
|
0-0: Called Strike 0-1: Fly out, F7 (Flyball, 7D, EV 103.1 MPH)
|
|
Batting: RHB Sal D'Alessandro
|
0-0: Ground out 6-3 (Groundball, 6, EV 85.6 MPH)
|
|
Batting: RHB Julio Marin
|
0-0: Called Strike 0-1: Ball 1-1: Ball 2-1: Ball 3-1: Base on Balls
|
|
Batting: RHB Steven Spalt
|
0-0: Ball 1-0: Swinging Strike 1-1: Fly out, F9 (Flyball, 89M, EV 90.0 MPH)
|
| Top of the 5th over - 0 runs, 0 hits, 0 errors, 1 left on base; Lewiston 4 - Tri-City 1 |
| BOTTOM OF THE 5TH |
|
Tri-City Dust Devils batting - Pitching for Lewiston Broncs : RHP Jeff Bittiger
|
|
Batting: RHB George Threadgill
|
0-0: Called Strike 0-1: Ground out U3 (Groundball, 34, EV 86.3 MPH)
|
|
Batting: LHB LaVel Freeman
|
0-0: Called Strike 0-1: Ball 1-1: Ball 2-1: Ground out 4-3 (Groundball, 4D, EV 107.5 MPH)
|
|
Batting: RHB Dave Lebeau
|
0-0: Called Strike 0-1: Swinging Strike 0-2: Ball 1-2: Ball 2-2: Strikes out swinging
|
| Bottom of the 5th over - 0 runs, 0 hits, 0 errors, 0 left on base; Lewiston 4 - Tri-City 1 |
| TOP OF THE 6TH |
|
Lewiston Broncs batting - Pitching for Tri-City Dust Devils : RHP John Martinez
|
|
Batting: RHB Jay Roberts
|
0-0: Ground out 4-3 (Groundball, 4, EV 107.5 MPH)
|
|
Batting: LHB Wayne Kirby
|
0-0: Foul Ball, location: 2F 0-1: Foul Ball, location: 2F 0-2: SINGLE (Line Drive, 9LS, EV 104.4 MPH)
|
|
Batting: LHB Alex Hernandez
|
0-0: Foul Ball, location: 2F 0-1: Called Strike 0-2: Ball 1-2: Ball 2-2: Ball 3-2: Base on Balls Wayne Kirby to second
|
|
Batting: RHB Jeff Kunkel
|
0-0: Fly out, F8 (Flyball, 78M, EV 87.5 MPH)
|
|
Batting: RHB Bruce Castoria
|
0-0: Called Strike 0-1: Foul Ball, location: 2F 0-2: Ball 1-2: Ball 2-2: DOUBLE (Flyball, 8RXD, EV 102.5 MPH) Wayne Kirby scores Alex Hernandez to third Runner from 3rd tries for Home, SAFE, throw by CF to home
|
|
Pitching: LHP John Smiley
|
|
|
Batting: LHB Nestor Moreno
|
0-0: Swinging Strike 0-1: Ball 1-1: Swinging Strike 1-2: Ground out 5-3 (Groundball, 56, EV 101.9 MPH)
|
| Top of the 6th over - 2 runs, 2 hits, 0 errors, 1 left on base; Lewiston 6 - Tri-City 1 |
| BOTTOM OF THE 6TH |
|
Tri-City Dust Devils batting - Pitching for Lewiston Broncs : RHP Jeff Bittiger
|
|
Batting: RHB Mark Van Blaricom
|
0-0: SINGLE (Groundball, 6MD, EV 98.1 MPH)
|
|
Batting: RHB Robert Martinez
|
0-0: Swinging Strike 0-1: Ball Wild Pitch! Mark Van Blaricom to second 1-1: Ball 2-1: Ball Wild Pitch! Mark Van Blaricom to third 3-1: Base on Balls
|
|
Batting: RHB Desmond Brooks
|
0-0: Ball 1-0: Fly out, F9 (Line Drive, 9, EV 90.0 MPH)
|
|
Batting: RHB J.B. Moore
|
0-0: Called Strike 0-1: Foul Ball, location: 2F 0-2: Reached on error, E4 (Groundball, 34, EV 83.1 MPH) Mark Van Blaricom scores Robert Martinez to second
|
|
Batting: RHB Felipe Hernandez
|
0-0: Called Strike 0-1: Ball 1-1: DOUBLE (Line Drive, 5D, EV 101.3 MPH) Robert Martinez scores J.B. Moore to third
|
|
Batting: RHB Jeff DeWillis
|
0-0: Ball Wild Pitch! J.B. Moore scores Felipe Hernandez to third 1-0: Ground out 6-3 (Groundball, 6, EV 81.3 MPH) Felipe Hernandez scores
|
|
Batting: RHB George Threadgill
|
0-0: Ball 1-0: Foul Ball, location: 2F 1-1: Called Strike 1-2: Ball 2-2: Foul Ball, location: 2F 2-2: Ball 3-2: Foul Ball, location: 2F 3-2: Ground out U3 (Groundball, 3D, EV 103.1 MPH)
|
| Bottom of the 6th over - 4 runs, 2 hits, 1 error, 0 left on base; Lewiston 6 - Tri-City 5 |
| TOP OF THE 7TH |
|
Lewiston Broncs batting - Pitching for Tri-City Dust Devils : LHP John Smiley
|
|
Batting: RHB Sal D'Alessandro
|
0-0: Ball 1-0: Foul Ball, location: 2F 1-1: Foul Ball, location: 2F 1-2: Foul Ball, location: 2F 1-2: Ball 2-2: Ground out 4-3 (Groundball, 4MS, EV 82.5 MPH)
|
|
Batting: RHB Julio Marin
|
0-0: Ball 1-0: Ball 2-0: Ball 3-0: Base on Balls
|
|
Batting: RHB Steven Spalt
|
0-0: Called Strike 0-1: Ball 1-1: Fly out, F8 (Line Drive, 8LD, EV 109.4 MPH)
|
|
Batting: RHB Jay Roberts
|
0-0: Ball 1-0: Ball 2-0: Foul Ball, location: 2F 2-1: Ball 3-1: Fly out, F3 (Popup, 3SF, EV 83.8 MPH)
|
| Top of the 7th over - 0 runs, 0 hits, 0 errors, 1 left on base; Lewiston 6 - Tri-City 5 |
| BOTTOM OF THE 7TH |
|
Tri-City Dust Devils batting - Pitching for Lewiston Broncs : RHP Jeff Bittiger
|
|
Batting: LHB LaVel Freeman
|
0-0: Ground out 4-3 (Groundball, 4, EV 98.1 MPH)
|
|
Batting: RHB Dave Lebeau
|
0-0: Fly out, F8 (Flyball, 89D, EV 101.9 MPH)
|
|
Batting: RHB Mark Van Blaricom
|
0-0: Foul Ball, location: 2F 0-1: Ball 1-1: Ball 2-1: Ball 3-1: DOUBLE (Flyball, 8LXD, EV 105.0 MPH)
|
|
Batting: RHB Robert Martinez
|
0-0: Ball 1-0: Called Strike 1-1: Ball 2-1: Foul Ball, location: 2F 2-2: Foul Ball, location: 2F 2-2: Ball 3-2: SINGLE (Flyball, 34D, EV 93.8 MPH) Mark Van Blaricom to third Mark Van Blaricom scores
|
|
Pitching: RHP Stephen Nicastro
|
|
|
Batting: RHB Desmond Brooks
|
0-0: Ball 1-0: Called Strike 1-1: Swinging Strike 1-2: Strikes out swinging
|
| Bottom of the 7th over - 1 run, 2 hits, 0 errors, 1 left on base; Lewiston 6 - Tri-City 6 |
| TOP OF THE 8TH |
|
Lewiston Broncs batting - Pitching for Tri-City Dust Devils : LHP John Smiley
|
|
Batting: LHB Wayne Kirby
|
0-0: Ball 1-0: Foul Ball, location: 2F 1-1: Swinging Strike 1-2: Ground out U3 (Groundball, 3, EV 84.4 MPH)
|
|
Batting: LHB Alex Hernandez
|
0-0: Ball 1-0: Called Strike 1-1: Ball 2-1: SINGLE (Flyball, 5D, EV 93.8 MPH)
|
|
Batting: RHB Jeff Kunkel
|
0-0: Grounds into double play, 4-6-3 (Groundball, 4M, EV 78.1 MPH)
|
| Top of the 8th over - 0 runs, 1 hit, 0 errors, 0 left on base; Lewiston 6 - Tri-City 6 |
| BOTTOM OF THE 8TH |
|
Tri-City Dust Devils batting - Pitching for Lewiston Broncs : RHP Stephen Nicastro
|
|
Batting: RHB J.B. Moore
|
0-0: Called Strike 0-1: Fly out, F4 (Popup, 34, EV 66.3 MPH)
|
|
Batting: RHB Felipe Hernandez
|
0-0: Ball 1-0: Foul Ball, location: 2F 1-1: Ball 2-1: SOLO HOME RUN (Flyball, 7D, EV 92.5 MPH), Distance : 357 ft
|
|
Batting: RHB Jeff DeWillis
|
0-0: Foul Ball, location: 2F 0-1: Ball 1-1: Foul Ball, location: 2F 1-2: Fly out, F4 (Popup, 13, EV 74.4 MPH)
|
|
Batting: RHB George Threadgill
|
0-0: Foul Ball, location: 2F 0-1: Ball 1-1: Ball 2-1: Ball 3-1: Foul Ball, location: 2F 3-2: Base on Balls
|
|
Batting: LHB LaVel Freeman
|
0-0: Ball 1-0: Ball 2-0: Ball 3-0: Called Strike 3-1: Base on Balls George Threadgill to second
|
|
Batting: RHB Dave Lebeau
|
0-0: Ball 1-0: Called Strike 1-1: Foul Ball, location: 2F 1-2: Foul Ball, location: 2F 1-2: Ball 2-2: Ball 3-2: Ground out 6-3 (Groundball, 6S, EV 84.4 MPH)
|
| Bottom of the 8th over - 1 run, 1 hit, 0 errors, 2 left on base; Lewiston 6 - Tri-City 7 |
| TOP OF THE 9TH |
|
Lewiston Broncs batting - Pitching for Tri-City Dust Devils : LHP John Smiley
|
|
Batting: RHB Bruce Castoria
|
0-0: SOLO HOME RUN (Flyball, 7D, EV 111.3 MPH), Distance : 385 ft
|
|
Batting: RHB Tony Cordova
|
0-0: Fly out, F9 (Flyball, 89D, EV 88.8 MPH)
|
|
Batting: RHB Sal D'Alessandro
|
0-0: Ball 1-0: Fly out, F7 (Flyball, 7LD, EV 105.0 MPH)
|
|
Batting: RHB Julio Marin
|
0-0: Called Strike 0-1: Ball 1-1: Ball 2-1: Ball 3-1: Swinging Strike 3-2: Foul Ball, location: 2F 3-2: Strikes out looking
|
| Top of the 9th over - 1 run, 1 hit, 0 errors, 0 left on base; Lewiston 7 - Tri-City 7 |
| BOTTOM OF THE 9TH |
|
Tri-City Dust Devils batting - Pitching for Lewiston Broncs : RHP Stephen Nicastro
|
|
Batting: RHB Mark Van Blaricom
|
0-0: Ball 1-0: Ball 2-0: Called Strike 2-1: Foul Ball, location: 2F 2-2: Ball 3-2: Foul Ball, location: 2F 3-2: Strikes out looking
|
|
Batting: RHB Robert Martinez
|
0-0: Ball 1-0: Foul Ball, location: 2F 1-1: Swinging Strike 1-2: SINGLE (Flyball, 89S, EV 91.3 MPH)
|
|
Pitching: RHP Philip Pulido
|
|
|
Pinch Hitting: LHB Rafael Codinach
|
0-0: Swinging Strike 0-1: Ball 1-1: Called Strike 1-2: Ball 2-2: Ball 3-2: Ground out U3 (Groundball, 3L, EV 83.8 MPH) Robert Martinez to second
|
|
Batting: RHB J.B. Moore
|
0-0: Ball 1-0: Ball 2-0: Ball 3-0: Base on Balls
|
|
Batting: RHB Felipe Hernandez
|
0-0: Foul Ball, location: 2F 0-1: Ball 1-1: Foul Ball, location: 2F 1-2: Ball 2-2: Ground out 1-3 (Groundball, 15, EV 65.6 MPH)
|
| Bottom of the 9th over - 0 runs, 1 hit, 0 errors, 2 left on base; Lewiston 7 - Tri-City 7 |
| TOP OF THE 10TH |
|
Lewiston Broncs batting - Pitching for Tri-City Dust Devils : LHP John Smiley
|
|
Now at 1B: Rafael Codinach
|
|
|
Batting: RHB Steven Spalt
|
0-0: Ball 1-0: Foul Ball, location: 2F 1-1: Ground out 6-3 (Groundball, 56, EV 86.9 MPH)
|
|
Batting: RHB Jay Roberts
|
0-0: Called Strike 0-1: Swinging Strike 0-2: Ball 1-2: Ball 2-2: Strikes out swinging
|
|
Batting: LHB Wayne Kirby
|
0-0: Ball 1-0: Ball 2-0: Foul Ball, location: 2F 2-1: Ball 3-1: SINGLE (Groundball, 34D, EV 105.6 MPH)
|
|
Pinch Hitting: RHB Thomas Gaeta
|
0-0: Ball Wayne Kirby is caught stealing 2nd base 2-4
|
| Top of the 10th over - 0 runs, 1 hit, 0 errors, 0 left on base; Lewiston 7 - Tri-City 7 |
| BOTTOM OF THE 10TH |
|
Tri-City Dust Devils batting - Pitching for Lewiston Broncs : RHP Philip Pulido
|
|
Pitching: LHP Brian Householder
|
|
|
Now in CF: Dale Bunn
|
|
|
Batting: RHB Jeff DeWillis
|
0-0: Ball 1-0: Called Strike 1-1: Foul Ball, location: 2F 1-2: Strikes out looking
|
|
Batting: RHB George Threadgill
|
0-0: Ball 1-0: Ball 2-0: Called Strike 2-1: Foul Ball, location: 2F 2-2: Foul Ball, location: 2F 2-2: Strikes out looking
|
|
Batting: LHB LaVel Freeman
|
0-0: Called Strike 0-1: Ball 1-1: Foul Ball, location: 2F 1-2: Ball 2-2: Ground out 5-3 (Groundball, 25, EV 75.0 MPH)
|
| Bottom of the 10th over - 0 runs, 0 hits, 0 errors, 0 left on base; Lewiston 7 - Tri-City 7 |
| TOP OF THE 11TH |
|
Lewiston Broncs batting - Pitching for Tri-City Dust Devils : LHP John Smiley
|
|
Batting: RHB Dale Bunn
|
0-0: Called Strike 0-1: SINGLE (Line Drive, 56D, EV 99.4 MPH)
|
|
Pitching: RHP Edwin Pena
|
|
|
Batting: RHB Jeff Kunkel
|
0-0: Ball Dale Bunn steals 2nd base 1-0: 2-RUN HOME RUN (Flyball, 8RXD, EV 92.5 MPH), Distance : 442 ft
|
|
Batting: RHB Bruce Castoria
|
0-0: Called Strike 0-1: Swinging Strike 0-2: Foul Ball, location: 2F 0-2: Ball 1-2: Foul Ball, location: 2F 1-2: Ball 2-2: SINGLE (Line Drive, 6MD, EV 95.0 MPH)
|
|
Batting: RHB Tony Cordova
|
0-0: Ball 1-0: Ball 2-0: Ball 3-0: Base on Balls Bruce Castoria to second
|
|
Batting: RHB Sal D'Alessandro
|
0-0: Fly out, F7 (Flyball, 7S, EV 78.8 MPH)
|
|
Batting: RHB Julio Marin
|
0-0: Ball 1-0: SINGLE (Groundball, 56, EV 107.5 MPH) (infield hit) Bruce Castoria to third Tony Cordova to second
|
|
Batting: RHB Steven Spalt
|
0-0: DOUBLE (Line Drive, 89D, EV 108.1 MPH) Bruce Castoria scores Tony Cordova scores Julio Marin to third
|
|
Pitching: RHP Guillermo Perez
|
|
|
Batting: RHB Jay Roberts
|
0-0: Ball 1-0: Foul Ball, location: 2F 1-1: Called Strike 1-2: Foul Ball, location: 2F 1-2: Ball 2-2: Foul Ball, location: 2F 2-2: Ball 3-2: Strikes out swinging
|
|
Batting: LHB Wayne Kirby
|
0-0: Intentional Walk
|
|
Batting: RHB Dale Bunn
|
0-0: Called Strike 0-1: Called Strike 0-2: Strikes out looking
|
| Top of the 11th over - 4 runs, 5 hits, 0 errors, 3 left on base; Lewiston 11 - Tri-City 7 |
| BOTTOM OF THE 11TH |
|
Tri-City Dust Devils batting - Pitching for Lewiston Broncs : LHP Brian Householder
|
|
Batting: RHB Dave Lebeau
|
0-0: Swinging Strike 0-1: Ball 1-1: Foul Ball, location: 2F 1-2: Ball 2-2: SINGLE (Groundball, 6MD, EV 94.4 MPH)
|
|
Batting: RHB Mark Van Blaricom
|
0-0: Called Strike 0-1: Foul Ball, location: 2F 0-2: Foul Ball, location: 2F 0-2: Strikes out swinging
|
|
Batting: RHB Robert Martinez
|
0-0: Foul Ball, location: 2F 0-1: Ball 1-1: Ball Wild Pitch! Dave Lebeau to second 2-1: 2-RUN HOME RUN (Flyball, 9LD, EV 111.3 MPH), Distance : 343 ft
|
|
Batting: LHB Rafael Codinach
|
0-0: Called Strike 0-1: DOUBLE (Flyball, 8LXD, EV 90.0 MPH)
|
|
Batting: RHB J.B. Moore
|
0-0: Called Strike 0-1: Foul Ball, location: 2F 0-2: Ball 1-2: Ball 2-2: Ball 3-2: Strikes out looking
|
|
Batting: RHB Felipe Hernandez
|
0-0: Ball 1-0: Ball 2-0: Ground out 6-3 (Groundball, 6MS, EV 80.0 MPH)
|
| Bottom of the 11th over - 2 runs, 3 hits, 0 errors, 1 left on base; Lewiston 11 - Tri-City 9 |
|